 Dungeon Crawl Stone Soup version 0.31.0-9-g3a7656b989 (webtiles) character file.

Game seed: 11138639775880512805

126 qw the Skirmisher (level 4, -2/25 HPs)
             Began as a Deep Elf Hunter on Feb 2, 2024.
             Frozen to death by an endoplasm (5 damage)
             ... on level 3 of the Dungeon.
             The game lasted 00:00:06 (1467 turns).

qw the Skirmisher (Deep Elf Hunter)                 Turns: 1467, Time: 00:00:06

Health: -2/25      AC:  5    Str: 10    XL:     4   Next: 83%
Magic:  6/6        EV: 11    Int: 14    God:
Gold:   90         SH:  0    Dex: 18    Spells: 3/3 levels left

rFire   + . .        a - +1 shortbow
rCold   . . .        (shield currently unavailable)
rNeg    . . .        m - +0 ring mail
rPois   .            (no helmet)
rElec   .            (no cloak)
rCorr   .            (no gloves)
SInv    .            (no boots)
Will    .....        (no amulet)
Stlth   +            b - ring of protection from fire
HPRegen 0.24/turn    (no ring)
MPRegen 0.10/turn

%: no passive effects
@: no status effects
A: no striking features
a: no special abilities


You were on level 3 of the Dungeon.
You visited 1 branch of the dungeon, and saw 3 of its levels.

You collected 90 gold pieces.


   Skills:
 - Level 1.5 Fighting
 + Level 8.2 Ranged Weapons
 - Level 2.4 Dodging
 - Level 1.2 Stealth


You had 3 spell levels left.
You didn't know any spells.
Your spell library was empty.

Inventory:

Hand Weapons
 a - a +1 shortbow (weapon)
Armour
 m - a +0 ring mail (worn)
Jewellery
 b - a ring of protection from fire (left hand)
Potions
 d - a potion of haste
 i - a potion of might
 j - a potion of lignification {unknown}

Dungeon Overview and Level Annotations

Branches:
Dungeon (3/15)

Altars:

Shops:
D:1 [


Message History

You kill the orc priest!
The endoplasm barely misses you. The frilled lizard bites you.
The orc hits you but does no damage.
Your Ranged Weapons skill increases to level 8!
You shoot an arrow. The arrow hits the orc.
The orc is lightly wounded.
The endoplasm freezes you.
You are frozen.
The frilled lizard bites you but does no damage.
The orc hits you with a +0 dagger.
You shoot an arrow. The arrow closely misses the orc.
The endoplasm freezes you.
You are frozen.
The frilled lizard bites you but does no damage.
The orc closely misses you.
You shoot an arrow. The arrow hits the orc.
The orc is almost dead.
The orc hits you but does no damage. The endoplasm freezes you.
You are frozen.
The frilled lizard bites you but does no damage.
The frilled lizard barely misses you. The endoplasm barely misses you.
The orc hits you with a +0 dagger.
You shoot an arrow. The arrow hits the orc.
You kill the orc!
The endoplasm barely misses you. The frilled lizard barely misses you.
You shoot an arrow.
The arrow completely misses the frilled lizard.
The endoplasm hits you but does no damage.
The frilled lizard barely misses you.
You shoot an arrow.
The arrow barely misses the frilled lizard.
The endoplasm hits you. The frilled lizard barely misses you.
You shoot an arrow. The arrow hits the frilled lizard!
You kill the frilled lizard!
The endoplasm closely misses you.
You shoot an arrow. The arrow barely misses the endoplasm.
The endoplasm freezes you.
You are frozen.
You die...

.... .... ...
.%. ... #.. .
<)#$.# ..##
#)...#
....##.)..###
#.....)J%...#
#.....<@#
..##....##
##..#..#
#......#
#...#....####.##
#.##......<....#
#..............#
..##..>........#
# #..%........#


You could see an endoplasm.

Vanquished Creatures
  2 orc priests (D:3)
  A ribbon worm (D:2)
  2 dart slugs
  5 orcs (D:3)
  6 bats (D:1)
  2 endoplasms (D:1)
  5 giant cockroaches
  5 goblins
  4 hobgoblins
  2 jackals (D:2)
  7 ball pythons
  7 frilled lizards
  2 kobolds (D:1)
  3 rats
53 creatures vanquished.

Notes
Turn   | Place    | Note
-------+----------+-------------------------------------------
     0 | D:1      | qw the Deep Elf Hunter began the quest for the Orb.
     0 | D:1      | Reached XP level 1. HP: 12/12 MP: 3/3
     0 | D:1      | 0 ||| qw: Version: 0.3-a-155-g5e7d8dd
     0 | D:1      | 0 ||| qw: Game counter: 1897
     0 | D:1      | 0 ||| qw: Melee chars always use a shield: true
     0 | D:1      | 0 ||| qw: God list: Okawaru
     0 | D:1      | 0 ||| qw: Allow faded altars: false
     0 | D:1      | 0 ||| qw: Do Orc after clearing Dungeon:15 true
     0 | D:1      | 0 ||| qw: Do second Lair branch before Depths: true
     0 | D:1      | 0 ||| qw: Lair rune preference: random
     0 | D:1      | 0 ||| qw: Goals: Normal
     0 | D:1      | 0 ||| PLANNING D:1-11
    59 | D:1      | Found Yxzevuiv's Armour Shoppe.
    64 | D:1      | 64 ||| SHOPLISTING +0 leather armour of willpower (108
                  | gold, have 31).
    64 | D:1      | 64 ||| SHOPLISTING +0 pair of boots (54 gold, have 31).
    64 | D:1      | 64 ||| SHOPLISTING +0 ring mail (48 gold, have 31).
    64 | D:1      | 64 ||| SHOPLISTING +0 troll leather armour (180 gold, have
                  | 31).
    64 | D:1      | 64 ||| SHOPLISTING +1 helmet of intelligence (198 gold,
                  | have 31).
    64 | D:1      | 64 ||| SHOPLISTING +1 ring mail of fire resistance (192
                  | gold, have 31).
    64 | D:1      | 64 ||| SHOPLISTING +2 cloak (198 gold, have 31).
    95 | D:1      | Reached XP level 2. HP: 16/16 MP: 4/4
   103 | D:1      | Reached skill level 6 in Ranged Weapons
   503 | D:1      | Found a faded altar of an unknown god.
   676 | D:1      | 676 ||| UPGRADING to +0 ring mail.
   686 | D:1      | 686 ||| DROPPING +0 leather armour.
   687 | D:1      | 687 ||| READING scroll labelled JESTRA JIANLECH.
   688 | D:1      | 688 ||| READING scroll labelled ETOUSO JELU.
   688 | D:1      | 688 ||| ENCHANTING +0 shortbow.
   689 | D:1      | 689 ||| READING 2 scrolls labelled WORA ZAZOSH.
   690 | D:1      | 690 ||| READING scroll labelled KAANE OCKA.
   691 | D:1      | 691 ||| READING scroll labelled HOETHI WOANUPP.
   695 | D:1      | 695 ||| DRINKING 2 viscous golden potions.
   696 | D:1      | 696 ||| DRINKING 2 sedimented emerald potions.
   697 | D:1      | 697 ||| DROPPING scroll of butterflies.
   698 | D:1      | 698 ||| DROPPING potion of invisibility.
   699 | D:1      | 699 ||| DROPPING scroll of noise.
   730 | D:2      | Reached XP level 3. HP: 12/20 MP: 5/5
   973 | D:2      | Reached skill level 7 in Ranged Weapons
  1399 | D:2      | 1399 ||| UPGRADING to ring of protection from fire.
  1400 | D:2      | 1400 ||| READING 2 scrolls labelled DYZUARA VELIXU.
  1400 | D:2      | 1400 ||| IDENTIFYING cyan potion
  1401 | D:2      | 1401 ||| READING scroll of identify.
  1401 | D:2      | 1401 ||| IDENTIFYING bubbling blue potion
  1402 | D:2      | 1402 ||| DRINKING 2 green potions.
  1403 | D:2      | 1403 ||| DROPPING potion of brilliance.
  1443 | D:3      | HP: 5/20 [orc priest/divine providence (15)]
  1444 | D:3      | 1444 ||| DRINKING 2 potions of heal wounds.
  1450 | D:3      | Reached XP level 4. HP: 25/25 MP: 6/6
  1454 | D:3      | HP: 4/25 [orc priest/nerve-wracking pain (8)]
  1455 | D:3      | 1455 ||| DRINKING potion of heal wounds.
  1460 | D:3      | Reached skill level 8 in Ranged Weapons
  1462 | D:3      | HP: 5/25 [frozen (2)]
  1467 | D:3      | Frozen to death by an endoplasm

Levels and vault maps discovered:
D:1:      grunt_arrival_crossed_arrows, layout_basic, basic_ecumenical_altar,
          serial_shops, nicolae_shop_crystal, hangedman_decor_diamond_cutter
D:2:      layout_basic
D:3:      layout_rooms, serial_bayou_lagoon_b

Skill      XL: |  1  2  3  4 |
---------------+-------------+-----
Ranged Weapons | 6 7 8 |  8.2
Fighting       | |  1.5
Dodging        | |  2.4
Stealth        | |  1.2

Action                     |  1- 3 |  4- 6 || total
---------------------------+-------+-------++-------
   Fire: Shortbow          |   123 |    17 ||   140
    Use: Scroll            |     7 |       ||     7
         Potion            |     4 |     1 ||     5
 Armour: Leather armour    |    12 |       ||    12
         Ring mail         |    15 |    17 ||    32
  Dodge: Dodged            |    24 |    20 ||    44

Table legend:
 A = Non-vault XP
 B = Vault XP
 C = Vault XP percentage of total XP
 D = Non-vault monster count
 E = Vault monster count
 F = Vault count percentage of total count
                 A         B        C        D         E       F
            +---------+---------+-------+---------+---------+-------
      Total |     180 |       0 |   0.0 |      53 |       0 |   0.0
            +---------+---------+-------+---------+---------+-------
        D:1 |      40 |       0 |   0.0 |      23 |       0 |   0.0
        D:2 |      35 |       0 |   0.0 |      17 |       0 |   0.0
        D:3 |     105 |       0 |   0.0 |      13 |       0 |   0.0
            +---------+---------+-------+---------+---------+-------
